 Dungeon Crawl Stone Soup version 0.16.1-2-g95b8d4c (webtiles) character file.

242 talyn the Conjurer (level 5, -2/38 HPs)
             Began as a Demigod Conjurer on Mar 24, 2015.
             Shot with an arrow by a centaur (4 damage)
             ... on level 3 of the Dungeon.
             The game lasted 00:11:04 (3367 turns).

talyn the Conjurer (Demigod Conjurer)               Turns: 3367, Time: 00:11:04

Health: -2/38      AC:  2    Str: 11    XL:     5   Next: 52%
Magic:  4/10       EV: 12    Int: 21    God:
Gold:   79         SH:  0    Dex: 16    Spells: 3 memorised, 0 levels left

rFire  . . .     SeeInvis .     a - +2 dagger (venom)
rCold  . . .     Clarity  .     d - +0 robe
rNeg   . . .     SustAb   +     (no shield)
rPois  .         Gourm    .     (no helmet)
rElec  .         Spirit   .     (no cloak)
rCorr  .         Warding  .     (no gloves)
rMut   .         Stasis   .     (no boots)
MR     .....                    (no amulet)
Stlth  ++........               (no ring)
                                (no ring)

@: not resistant to hostile enchantments, unstealthy
A: sustain abilities
a: no special abilities


You were on level 3 of the Dungeon.
You were full.

You visited 1 branch of the dungeon, and saw 3 of its levels.

You collected 79 gold pieces.

Inventory:

Hand weapons
 a - a +2 dagger of venom (weapon)
Armour
 d - a +0 robe (worn)
Potions
 e - a potion of restore abilities
Books
 c - a book of Conjurations

   Spells                             Type                      Level
   a - Magic Dart                     Conjuration                  1
   b - Searing Ray                    Conjuration                  2
   c - Dazzling Spray                 Conjuration/Hexes            3
   d - Fulminant Prism                Conjuration/Hexes            4
   e - Iskenderun's Mystic Blast      Conjuration                  4
   f - Iskenderun's Battlesphere      Conjuration/Charms           5
Comestibles
 b - 5 bread rations


   Skills:
 + Level 2.5 Short Blades
 - Level 1.7 Dodging
 - Level 1.7 Stealth
 - Level 1.7 Spellcasting
 * Level 5.8 Conjurations


You couldn't memorise any spells.
You knew the following spells:

 Your Spells              Type           Power        Failure   Level  Hunger
a - Magic Dart            Conj           ####         1%          1    #......
b - Searing Ray           Conj           ####..       1%          2    ###....
c - Iskenderun's Mystic   Conj           ####....     17%         4    #####..


Dungeon Overview and Level Annotations

Branches:
Dungeon (3/15)


Innate Abilities, Weirdness & Mutations

Your attributes are resistant to harm.


Message History

Confirm with . or Enter, or press ? or * to list all spells.
You can't see any susceptible monsters within range! (Use Z to cast anyway.) Unknown command.
Casting: Magic Dart
Confirm with . or Enter, or press ? or * to list all spells.
Aiming: Magic Dart
Press: ? - help, Shift-Dir - straight line, f/p - centaur
Aim: a centaur, wielding a shortbow (moderately wounded)
The magic dart hits the centaur.
The centaur is moderately wounded.
The centaur shoots an arrow.
The arrow closely misses you.
Casting: Magic Dart
Confirm with . or Enter, or press ? or * to list all spells.
Aiming: Magic Dart
Press: ? - help, Shift-Dir - straight line, f/p - centaur
Aim: a centaur, wielding a shortbow (moderately wounded)
The magic dart hits the centaur.
The centaur is heavily wounded.
The centaur shoots an arrow.
The arrow hits you.
You die...

#....#(#g.. #############
#....#.#...
#..............#
#....#.#...
#..............#
#....#.###'
#..............# #.##...#
.
#..............####'###...
.
#.......>........c........
.
#..................)%..g..
#)÷.........@..((.)...l).
##.........((...#########)
#<).............#
#<).............#
#.....).........#
#...............#
#......†........#
#.############### #.#


You could see a centaur.

Vanquished Creatures
  An orc priest (D:3)
  An orc wizard (D:3)
  Robin (D:3)
  4 adders
  5 gnolls
  A giant mite (D:2)
  2 worms (D:2)
  3 giant geckos
  3 orcs (D:3)
  A ball python (D:1)
  6 bats
  3 giant cockroaches
  12 goblins
  10 hobgoblins
  9 jackals
  A quokka (D:2)
  4 giant newts
  5 kobolds
  5 rats
77 creatures vanquished.

Notes
Turn   | Place    | Note
--------------------------------------------------------------
     0 | D:1      | talyn, the Demigod Conjurer, began the quest for the Orb.
     0 | D:1      | Reached XP level 1. HP: 14/14 MP: 3/3
    48 | D:1      | Reached skill level 4 in Conjurations
    48 | D:1      | Reached XP level 2. HP: 20/20 MP: 0/4
   928 | D:1      | Learned a level 2 spell: Searing Ray
   945 | D:1      | Reached XP level 3. HP: 26/26 MP: 1/7
  1052 | D:1      | Reached skill level 1 in Short Blades
  1921 | D:2      | Reached XP level 4. HP: 33/33 MP: 0/9
  2067 | D:2      | Reached skill level 5 in Conjurations
  2360 | D:2      | Learned a level 2 spell: Searing Ray
  2553 | D:3      | Reached XP level 5. HP: 38/38 MP: 3/10
  2863 | D:3      | Noticed Robin
  3174 | D:3      | Learned a level 4 spell: Iskenderun's Mystic Blast
  3235 | D:3      | Killed Robin
  3361 | D:3      | Noticed a centaur
  3367 | D:3      | Shot with an arrow by a centaur

Action                   |  1- 3 |  4- 6 || total
-------------------------+-------+-------++-------
Melee: Dagger            |    52 |    50 ||   102
       Unarmed           |     4 |       ||     4
 Cast: Magic Dart        |    81 |    77 ||   158
       Searing Ray       |       |     4 ||     4
  Use: Scroll            |     2 |     5 ||     7
       Potion            |       |     5 ||     5
  Eat: Bread ration      |     1 |       ||     1
       Meat ration       |       |     2 ||     2
